 Dungeon Crawl Stone Soup version 0.18.1-48-g4cf74bf (webtiles) character file.

421 djnw the Caller (level 6, -2/41 HPs)
             Began as a Mummy Summoner on Aug 23, 2016.
             Slain by an orc warrior
             ... wielding a +0 glaive
              (18 damage)
             ... on level 5 of the Dungeon.
             The game lasted 00:23:37 (5010 turns).

djnw the Caller (Mummy Summoner)                    Turns: 5010, Time: 00:23:38

Health: -2/41      AC:  4    Str: 11    XL:     6   Next: 62%
Magic:  1/12       EV: 12    Int: 17    God:
Gold:   234        SH:  0    Dex: 12    Spells: 4 memorised, 3 levels left

rFire  . . .     SeeInvis .     h - +1 trident
rCold  . . .     Gourm    .     a - +0 robe
rNeg   + + +     Faith    .     (no shield)
rPois  ∞         Spirit   .     (no helmet)
rElec  .         Dismiss  .     (no cloak)
rCorr  .         Reflect  .     (no gloves)
SustAt .         Harm     .     d - +1 pair of boots
MR     .....                    (no amulet)
Stlth  ++........               (no ring)
                                i - ring of fire

@: not resistant to hostile enchantments, unstealthy
A: no food or potions, fire vulnerability, cold resistance 1, negative energy
resistance 3, torment resistance, unbreathing
a: no special abilities


You were on level 5 of the Dungeon.
You were not hungry.

You visited 1 branch of the dungeon, and saw 6 of its levels.

You collected 234 gold pieces.

Inventory:

Hand Weapons
 e - a +0 hand axe of chopping
 h - a +1 trident (weapon)
Armour
 a - a +0 robe (worn)
 d - a +1 pair of boots (worn)
Jewellery
 i - a ring of fire (left hand)
Scrolls
 c - a scroll of remove curse
 f - 5 scrolls of identify
 g - a scroll of blinking
Books
 b - a book of Callings

   Spells                             Type                      Level
   a - Summon Small Mammal            Summoning                    1
   b - Call Imp                       Summoning                    2
   c - Call Canine Familiar           Summoning                    3
   d - Summon Guardian Golem          Hexes/Summoning              3
   e - Summon Lightning Spire         Summoning/Air                4
   f - Summon Ice Beast               Ice/Summoning                4


   Skills:
 - Level 1.5 Dodging
 - Level 1.5 Stealth
 + Level 4.4 Spellcasting
 * Level 5.2 Summonings
 + Level 1.5 Ice Magic


You had 3 spell levels left.
You knew the following spells:

 Your Spells              Type           Power        Failure   Level  Hunger
a - Summon Small Mammal   Summ           ###.         1%          1    N/A
b - Call Imp              Summ           ###.....     2%          2    N/A
c - Call Canine Familiar  Summ           ###.....     8%          3    N/A
d - Summon Ice Beast      Ice/Summ       #.......     45%         4    N/A

Dungeon Overview and Level Annotations

Branches:
Dungeon (6/15)
 Temple: D:4-7

Altars:

Shops:
D:4 :


Innate Abilities, Weirdness & Mutations

You do not eat or drink.
Your flesh is vulnerable to fire.
You are immune to poison.
Your flesh is cold resistant.
You are immune to negative energy.
You are immune to unholy pain and torment.
You can survive without breathing.


Message History

The orc wizard barely misses your hound.
Your crimson imp blinks!
Your hound closely misses the orc wizard.
The orc wizard points at you and mumbles some strange words.
The puff of frost hits your hound.
Your hound dies!
Your hound's corpse disappears in a puff of smoke!
The orc warrior closely misses your crimson imp.
Your crimson imp blinks!
The orc wizard miscasts a cantrip.
The orc warrior hits your crimson imp from afar with a glaive!
Your crimson imp dies!
Casting: Call Canine Familiar
Confirm with . or Enter, or press ? or * to list all spells.
A beastly little devil appears in a puff of frigid air.
The orc wizard gestures wildly while chanting.
The orc wizard flickers and vanishes!
Your white imp barely misses the orc warrior.
The orc warrior hits you from afar with a glaive!!
You die...

.......≈≈.≈≈...##.# #.#
........≈≈≈.....#.# #.#
.........≈≈.......# #.#
.!........#######.######.######
####..........................#
##############........####.#
#.######.# #.#
########.######.# #.#
#......@........# #.# #
#.####5#.######)## #.# # #.#
#o#.# #.<.# #.# # #.# #.#.#
###...###.# #
#%####o#.###.......#.# #
#....).#......(......# ##
##)###.#####.......### .## #.#
#.........(.### #.##
#o###..5.####...#


You could see an orc warrior, an orc and a friendly white imp.

Vanquished Creatures
  A phantom (D:5)
  A hound (D:4)
  A howler monkey skeleton (D:5)
  2 adders
  An ooze (D:1)
  A worm (D:2)
  4 giant geckos
  An orc (D:4)
  A ball python (D:1)
  2 giant cockroaches
  A goblin (D:1)
  A hobgoblin (D:2)
  9 bats
  A giant newt (D:3)
  4 kobolds
  A rat (D:2)
32 creatures vanquished.

Vanquished Creatures (collateral kills)
  A water moccasin (D:4)
  A phantom (D:4)
  A centaur (D:5)
  2 orc priests
  A giant frog skeleton (D:4)
  2 orc wizards
  A worker ant (D:3)
  3 adders
  2 worms
  2 dart slugs
  2 giant geckos (D:4)
  13 orcs
  2 bats
  4 giant cockroaches
  2 hobgoblins (D:2)
  4 jackals (D:4)
  8 kobolds
  A quokka (D:2)
  A ball python skeleton (D:5)
  4 giant newts
  10 goblins
  3 rats
70 creatures vanquished.

Vanquished Creatures (others)
  An adder (D:5)
1 creature vanquished.

Grand Total: 103 creatures vanquished

Notes
Turn   | Place    | Note
--------------------------------------------------------------
     0 | D:1      | djnw the Mummy Summoner began the quest for the Orb.
     0 | D:1      | Reached XP level 1. HP: 13/13 MP: 3/3
   238 | D:1      | Reached XP level 2. HP: 15/19 MP: 3/5
   242 | D:1      | Learned a level 2 spell: Call Imp
  1096 | D:2      | Reached XP level 3. HP: 10/24 MP: 1/6
  1601 | D:2      | Learned a level 3 spell: Call Canine Familiar
  1845 | D:2      | Reached skill level 4 in Summonings
  2436 | D:3      | Reached XP level 4. HP: 30/30 MP: 1/8
  2906 | D:4      | Found Igalat's Book Shop.
  3043 | D:4      | Noticed a water moccasin
  3061 | D:4      | Killed a water moccasin
  3061 | D:4      | Reached XP level 5. HP: 35/35 MP: 5/10
  3578 | D:4      | Learned a level 4 spell: Summon Ice Beast
  3749 | D:4      | Noticed a phantom
  3798 | D:4      | Killed a phantom
  4075 | D:4      | Reached XP level 6. HP: 41/41 MP: 10/12
  4122 | D:5      | Entered Level 5 of the Dungeon
  4130 | D:5      | Reached skill level 5 in Summonings
  4130 | D:5      | Reached skill level 1 in Ice Magic
  4715 | D:5      | Noticed an orc warrior
  5010 | D:5      | Slain by an orc warrior

Skill      XL: |  1  2  3  4  5  6 |
---------------+-------------------+-----
Spellcasting   | 3 4 |  4.4
Summonings     | 4 5 |  5.2
Ice Magic      | 1 |  1.5
Dodging        | |  1.5
Stealth        | |  1.5

Action                   |  1- 3 |  4- 6 || total
-------------------------+-------+-------++-------
Melee: Unarmed           |    37 |       ||    37
       Whip              |    60 |    28 ||    88
       Trident           |       |    49 ||    49
 Cast: Summon Small Mamm |    16 |    10 ||    26
       Call Imp          |    30 |    35 ||    65
       Call Canine Famil |     1 |    15 ||    16
  Use: Scroll            |     7 |     6 ||    13
 Stab: Sleeping          |     1 |       ||     1
       Distracted        |       |     1 ||     1
Armor: Robe              |    53 |    22 ||    75
Dodge: Dodged            |   114 |    39 ||   153
